 Dungeon Crawl Stone Soup version 0.19.0-2-gae57169 (webtiles) character file.

4060 Monkfish the Slicer (level 10, 0/94 HPs)
             Began as a Kobold Berserker on Nov 5, 2016.
             Was an Elder of Trog.
             Slain by an ogre
             ... wielding a +0 giant spiked club
              (16 damage)
             ... on level 8 of the Dungeon.
             The game lasted 00:11:50 (5403 turns).

Monkfish the Slicer (Kobold Berserker)              Turns: 5403, Time: 00:11:50

Health: 0/94       AC: 23    Str: 22    XL:     10   Next: 49%
Magic:  10/10      EV: 14    Int:  8    God:    Trog [****..]
Gold:   489        SH:  0    Dex: 16    Spells: 0 memorised, 9 levels left

rFire  . . .     SeeInvis .     t - +4 dagger
rCold  . . .     Gourm    .     d - +5 chain mail of Sunlight {rN+}
rNeg   + . .     Faith    .     (shield restricted)
rPois  .         Spirit   .     g - +2 helmet
rElec  .         Reflect  .     p - +2 cloak
rCorr  .         Harm     .     j - +2 pair of gloves
MR     .....                    (no boots)
Stlth  ..........               (no amulet)
                                k - +1 ring of protection
                                e - ring of stealth

@: berserking (expiring), lethally poisoned (0 -> -6), very quick
A: carnivore 3
a: Berserk, Trog's Hand, Brothers in Arms, Burn Spellbooks, Renounce Religion


You were on level 8 of the Dungeon.
You worshipped Trog.
Trog was greatly pleased with you.
You were full.

You visited 1 branch of the dungeon, and saw 8 of its levels.

You collected 489 gold pieces.

Inventory:

Hand Weapons
 t - a +4 dagger (weapon)
Missiles
 v - 5 needles of frenzy
Armour
 d - the +5 chain mail of Sunlight (worn) {rN+}
   (You found it on level 4 of the Dungeon)

   It protects you from negative energy.
 g - a +2 helmet (worn)
 j - a +2 pair of gloves (worn)
 p - a +2 cloak (worn)
 q - a +0 robe of positive energy
Jewellery
 e - a ring of stealth (left hand)
 k - a +1 ring of protection (right hand)
 n - an uncursed ring of protection from fire
Wands
 a - a wand of lightning (2/15)
 w - a wand of paralysis (4/24)
Scrolls
 b - 2 scrolls of recharging
 f - 4 scrolls of remove curse
 u - a scroll of immolation {unknown}
Potions
 i - a potion of magic
 l - 2 potions of haste
 m - a potion of heal wounds
 o - 2 potions of cure mutation
 s - a potion of curing
 x - a potion of flight
Comestibles
 c - 5 meat rations
 h - 4 beef jerkies
 r - 2 slices of pizza
 z - a royal jelly


   Skills:
 + Level 7.1 Fighting
 + Level 12.2 Short Blades
 - Level 1.5 Armour
 + Level 7.3 Dodging
 * Level 10.9 Stealth
 + Level 0.2 Evocations


You had 9 spell levels left.
You didn't know any spells.

Dungeon Overview and Level Annotations

Branches:
Dungeon (8/15)             Temple (0/1) D:7
   Lair: D:8-11

Altars:
Fedhas
Gozag
Nemelex Xobeh
Qazlal
Ru
Sif Muna
Trog
Uskayaw
Yredelemnul
The Shining One

Shops:
D:4 :   D:5 :   D:7 =(

Annotations:
D:2 exclusion: moth of wrath


Innate Abilities, Weirdness & Mutations

You are small and have problems with some larger weapons.
You are carnivorous and can eat meat at any time.


Message History

The meliai is severely wounded.
You feel sick. The meliai misses you. The meliai stings you.
* * * LOW HITPOINT WARNING * * *
You completely miss the meliai.
The meliai is severely wounded.
You closely miss the meliai.
The meliai is severely wounded.
The meliai hits you but does no damage.
The meliai stings you but does no damage.
You miss the meliai.
The meliai is severely wounded.
You feel sick.
You puncture the meliai!
You kill the meliai!
Trog accepts your kill.
You feel sick.
The adder zombie bites you but does no damage.
The bullfrog closely misses you.
The ogre hits you with a giant spiked club!
You die...

# # ##.## #.# #.# #.#
#.##.####.# #.# ..#
#.........# #.# ###
####'###### #.# ##...## #.#
##.....## ####.# # ##.......##
##.##.#
####.........####F..#.########
...'.........+.†@O........>...
####.........####Z..#.########
# ##.......## ##.##.#
##.....## ####O# ##...## ##.##
##+## ##.#.## # #.# ##.###.##
# #.# #O## ##.# ########.##
##.###.##


You could see an ogre, a bullfrog and an adder zombie.

Vanquished Creatures
  A cyclops (D:8)
  A manticore (D:8)
  Psyche (D:8)
  A hornet (D:8)
  A meliai (D:8)
  A wraith (D:7)
  A hungry ghost (D:7)
  Grum (D:8)
  An orc warrior (D:8)
  A sky beast (D:7)
  4 wolves (D:8)
  2 ogres (D:5)
  4 bullfrogs
  A scorpion (D:7)
  A killer bee (D:8)
  3 howler monkeys (D:7)
  3 wights (D:7)
  2 crimson imps
  2 orc priests (D:6)
  Crazy Yiuf (D:2)
  7 hounds
  2 bullfrog skeletons
  Jessica (D:3)
  6 orc wizards
  Ijyb (D:3)
  Terence (D:3)
  A worker ant (D:4)
  A killer bee zombie (D:7)
  2 hound skeletons
  A worker ant zombie (D:8)
  Robin (D:2)
  8 adders
  2 shadow imps (D:5)
  2 oozes (D:1)
  4 worms
  A dart slug (D:2)
  2 leopard geckos
  21 orcs
  9 bats
  5 giant cockroaches
  10 goblins
  8 hobgoblins
  2 jackals (D:4)
  3 quokkas
  5 frilled lizards
  9 kobolds
  A leopard gecko skeleton (D:8)
  A quokka skeleton (D:3)
  8 rats
158 creatures vanquished.

Notes
Turn   | Place    | Note
-------+----------+-------------------------------------------
     0 | D:1      | Monkfish the Kobold Berserker began the quest for the Orb.
     0 | D:1      | Reached XP level 1. HP: 14/14 MP: 1/1
    70 | D:1      | Reached XP level 2. HP: 19/19 MP: 2/2
   133 | D:1      | Reached skill level 1 in Stealth
   228 | D:1      | Reached XP level 3. HP: 23/23 MP: 3/3
   819 | D:1      | Gained mutation: Your spells are a little easier to cast, but a little less powerful. [potion of mutation]
   819 | D:1      | Gained mutation: Your flesh is heat resistant. (rF+) [potion of mutation]
   819 | D:1      | Gained mutation: You have large cloven feet. [potion of mutation]
   890 | D:2      | Found a glowing golden altar of the Shining One.
   905 | D:2      | Noticed Robin
   925 | D:2      | Reached ** piety under Trog
   934 | D:2      | Killed Robin
   934 | D:2      | Reached skill level 5 in Short Blades
   934 | D:2      | Reached XP level 4. HP: 23/28 MP: 4/4
  1127 | D:2      | Noticed a moth of wrath
  1130 | D:2      | Found a bloodstained altar of Trog.
  1416 | D:2      | Found a runed door.
  1505 | D:2      | Found a deep blue altar of Sif Muna.
  1506 | D:2      | Found a basalt altar of Yredelemnul.
  1844 | D:2      | Noticed Crazy Yiuf
  1849 | D:2      | Killed Crazy Yiuf
  1849 | D:2      | Reached XP level 5. HP: 33/33 MP: 5/5
  1984 | D:3      | Noticed Ijyb
  2012 | D:3      | Killed Ijyb
  2103 | D:3      | Found an opulent altar of Gozag.
  2112 | D:3      | Reached XP level 6. HP: 29/38 MP: 6/6
  2113 | D:3      | Noticed Jessica
  2124 | D:3      | Killed Jessica
  2124 | D:3      | Reached skill level 6 in Short Blades
  2334 | D:3      | Noticed Terence
  2342 | D:3      | Killed Terence
  2387 | D:3      | Reached *** piety under Trog
  2601 | D:3      | Lost mutation: Your flesh is heat resistant. (rF+) [potion of cure mutation]
  2601 | D:3      | Lost mutation: You have large cloven feet. [potion of cure mutation]
  2601 | D:3      | Lost mutation: Your spells are a little easier to cast, but a little less powerful. [potion of cure mutation]
  2677 | D:4      | Reached skill level 5 in Stealth
  2688 | D:4      | Reached XP level 7. HP: 19/43 MP: 7/7
  2927 | D:4      | Found a blossoming altar of Fedhas.
  2929 | D:4      | Got a heavily runed chain mail
  2938 | D:4      | Identified the +5 chain mail of Sunlight {rN+} (You found it on level 4 of the Dungeon)
  3094 | D:4      | Found Qiem's Book Shop.
  3142 | D:5      | Entered Level 5 of the Dungeon
  3284 | D:5      | Reached skill level 7 in Short Blades
  3372 | D:5      | Found a sacrificial altar of Ru.
  3402 | D:5      | Reached XP level 8. HP: 48/48 MP: 8/8
  3409 | D:5      | Reached skill level 5 in Dodging
  3451 | D:5      | Found a sparkling altar of Nemelex Xobeh.
  3659 | D:5      | Found Awiehoe's Book Boutique.
  3771 | D:6      | Reached **** piety under Trog
  3879 | D:6      | Reached skill level 8 in Short Blades
  3922 | D:6      | Reached skill level 5 in Fighting
  4338 | D:7      | Found Disaeti's Jewellery Boutique.
  4472 | D:7      | Reached skill level 9 in Short Blades
  4491 | D:7      | Reached XP level 9. HP: 53/54 MP: 9/9
  4690 | D:7      | Found Gonaorhe's Antique Weapon Shoppe.
  4711 | D:7      | Found a stormy altar of Qazlal.
  4805 | D:7      | Found a staircase to the Ecumenical Temple.
  4913 | D:8      | Noticed a cyclops
  4913 | D:8      | Noticed a manticore
  4913 | D:8      | Noticed a wolf spider
  4932 | D:8      | Killed a cyclops
  4932 | D:8      | Reached skill level 10 in Short Blades
  4932 | D:8      | Noticed a meliai
  4938 | D:8      | Noticed a rakshasa
  4942 | D:8      | Killed a manticore
  4974 | D:7      | Received a gift from Trog
  4974 | D:7      | Reached skill level 11 in Short Blades
  4974 | D:7      | Reached skill level 10 in Stealth
  5099 | D:8      | Noticed Grum
  5108 | D:8      | Reached XP level 10. HP: 61/61 MP: 10/10
  5115 | D:8      | Killed Grum
  5158 | D:8      | Noticed Psyche
  5174 | D:8      | Killed Psyche
  5181 | D:8      | Found a hide-covered altar of Uskayaw.
  5230 | D:8      | Reached skill level 12 in Short Blades
  5334 | D:8      | Noticed a death knight
  5403 | D:8      | Slain by an ogre

Skill      XL: |  1  2  3  4  5  6  7  8  9 10 |
---------------+-------------------------------+-----
Stealth        | 1 2 3 4 5 6 8 10 | 10.9
Short Blades   | 5 6 7 9 11 12 | 12.2
Dodging        | 3 4 5 6 7 |  7.3
Fighting       | 4 5 6 7 |  7.1
Armour         | |  1.5
Evocations     | |  0.2

Action                   |  1- 3 |  4- 6 |  7- 9 | 10-12 || total
-------------------------+-------+-------+-------+-------++-------
Melee: Short sword       |    86 |   257 |    65 |       ||   408
       Kick              |     6 |    68 |       |       ||    74
       Dagger            |       |       |   350 |   115 ||   465
Invok: Berserk           |     2 |     4 |     8 |     2 ||    16
       Trog's Hand       |       |     2 |     3 |     3 ||     8
       Brothers in Arms  |       |       |       |     1 ||     1
Evoke: Wand              |       |       |       |     2 ||     2
  Use: Scroll            |     4 |     4 |     7 |       ||    15
       Potion            |     4 |     4 |     4 |     2 ||    14
 Stab: Sleeping          |     3 |    11 |     5 |       ||    19
       Paralysed         |       |       |       |     1 ||     1
  Eat: Chunk             |     8 |    11 |    18 |     5 ||    42
Armor: Animal skin       |    18 |    26 |       |       ||    44
       Robe              |       |    33 |     6 |       ||    39
       Chain mail        |       |       |   147 |    36 ||   183
Dodge: Dodged            |    95 |   191 |   166 |    68 ||   520
